[Event "GER-ch Youth U12 2019"]
[Site "Willingen"]
[Date "2019.06.12"]
[Round "5.15"]
[White "Mueller, Maximilian"]
[Black "Krueger, Arthur"]
[Result "1-0"]
[ECO "C78"]
[WhiteElo "1606"]
[BlackElo "1613"]
[Annotator "NA"]
[PlyCount "155"]
[EventDate "2019.06.07"]
[EventType "swiss"]
[EventRounds "9"]
[EventCountry "GER"]
[SourceTitle "playchess.com"]
[Source "ChessBase"]
[SourceQuality "1"]
[TimeControl "40/4500+30:900+30"]

1. e4 e5 2. Nf3 Nc6 3. Bb5 a6 4. Ba4 Nf6 5. O-O b5 6. Bb3 Bc5 7. c3 d6 8. a4 Rb8 9. d4 Bb6 10. a5 Nxa5 11. Rxa5 Bxa5 12. dxe5 Ng8 13. Ng5 Nh6 14. e6 fxe6 15. Qh5+ Kf8 16. f4 Qf6 17. Be3 Bb6 18. Bxb6 Rxb6 19. f5 exf5 20. exf5 Rb7 21. Ne6+ Ke7 22. Re1 Kd7 23. Rf1 Rb6 24. Nd2 Qe7 25. Ne4 Ng8 26. Rd1 Bb7 27. N4c5+ Kc8 28. Nxb7 Kxb7 29. Qf3+ Ka7 30. Bd5 Nf6 31. c4 Nxd5 32. cxd5 Rc8 33. Rc1 Kb7 34. b4 c6 35. dxc6+ Rbxc6 36. Nd4 Qd7 37. Nxc6 Rxc6 38. Qd5 Kc7 39. Rxc6+ Qxc6 40. Qf7+ Qd7 41. Qd5 Qe7 42. Qd2 Qf6 43. Qc1+ Kd7 44. Qb1 Qd4+ 45. Kf1 Qf4+ 46. Kg1 Kc6 47. h3 h6 48. Qc2+ Qc4 49. Qb2 Qf7 50. Qc3+ Kd7 51. Qc2 Qf6 52. Qb1 Qd4+ 53. Kf1 d5 54. g4 Qe3 55. Kg2 d4 56. Qa2 Qe4+ 57. Kf2 Qe3+ 58. Kg2 d3 59. Qd5+ Kc7 60. Qf7+ Kd6 61. Qf8+ Kd5 62. Qf7+ Kd6 63. Qf8+ Qe7 64. Qb8+ Qc7 65. Qf8+ Kc6 66. Qc5+ Kb7 67. Qd4 Qc2+ 68. Kf3 Qe2+ 69. Kg3 Qc2 70. Qxg7+ Qc7+ 71. Qxc7+ Kxc7 72. Kf3 Kd6 73. Ke3 Kc6 74. Kxd3 Kd5 75. h4 Ke5 76. Ke3 Kd5 77. g5 hxg5 78. hxg5 {[%emt 0:00:00] normal} 1-0

[Event "GER-ch Youth U12 2019"]
[Site "Willingen"]
[Date "2019.06.12"]
[Round "6.1"]
[White "Bakiev, Diyor"]
[Black "Foerster-Yialamas, Lucas"]
[Result "1/2-1/2"]
[ECO "B50"]
[WhiteElo "2123"]
[BlackElo "1981"]
[Annotator "NA"]
[PlyCount "56"]
[EventDate "2019.06.07"]
[EventType "swiss"]
[EventRounds "9"]
[EventCountry "GER"]
[SourceTitle "playchess.com"]
[Source "ChessBase"]
[SourceQuality "1"]
[TimeControl "40/4500+30:900+30"]

1. e4 c5 2. Nf3 d6 3. Nc3 Nf6 4. e5 dxe5 5. Nxe5 Nbd7 6. d4 Nxe5 7. dxe5 Qxd1+ 8. Kxd1 Ng4 9. Bb5+ Bd7 10. e6 fxe6 11. Ke2 Bxb5+ 12. Nxb5 Kf7 13. Bf4 g6 14. Rad1 Nf6 15. Rhe1 Bg7 16. Nc7 Rad8 17. Rxd8 Rxd8 18. Kf3 e5 19. Rxe5 Rc8 20. Ne6 Nd7 21. Re1 Bf6 22. c3 c4 23. Ng5+ Bxg5 24. Bxg5 Nf6 25. Bxf6 exf6 26. Re4 Rc6 27. Ke3 {[%emt 0:03:15] normal} f5 28. Rd4 Ke7 {[%emt 0:00:38] normal} 1/2-1/2

[Event "GER-ch Youth U12 2019"]
[Site "Willingen"]
[Date "2019.06.12"]
[Round "6.2"]
[White "Kluehs, Gustaf"]
[Black "Freude, Max"]
[Result "1/2-1/2"]
[ECO "A14"]
[WhiteElo "1705"]
[BlackElo "1707"]
[Annotator "NA"]
[PlyCount "40"]
[EventDate "2019.06.07"]
[EventType "swiss"]
[EventRounds "9"]
[EventCountry "GER"]
[SourceTitle "playchess.com"]
[Source "ChessBase"]
[SourceQuality "1"]
[TimeControl "40/4500+30:900+30"]

1. Nf3 Nf6 2. g3 e6 3. Bg2 d5 4. c4 Be7 5. O-O O-O 6. cxd5 exd5 7. d3 c5 8. b3 Nc6 9. Bb2 b6 10. Nbd2 Bb7 11. Ne5 Nxe5 12. Bxe5 Bd6 13. Bxd6 Qxd6 14. Qc2 Rad8 15. Rfe1 Rfe8 16. Rad1 Qb8 17. e3 d4 18. Bxb7 Qxb7 19. e4 Qd7 20. Kg2 h5 {[%emt 0:03:51] normal} 1/2-1/2

[Event "GER-ch Youth U12 2019"]
[Site "Willingen"]
[Date "2019.06.12"]
[Round "6.3"]
[White "Metzdorf, Matteo"]
[Black "Woltmann, Peter"]
[Result "1-0"]
[ECO "C11"]
[WhiteElo "1859"]
[BlackElo "1471"]
[Annotator "NA"]
[PlyCount "46"]
[EventDate "2019.06.07"]
[EventType "swiss"]
[EventRounds "9"]
[EventCountry "GER"]
[SourceTitle "playchess.com"]
[Source "ChessBase"]
[SourceQuality "1"]
[TimeControl "40/4500+30:900+30"]

1. e4 e6 2. d4 d5 3. Nc3 Nf6 4. e5 Nfd7 5. f4 c5 6. Nf3 Nc6 7. Be3 c4 8. Be2 a6 9. f5 Nb6 10. fxe6 Bxe6 11. Ng5 Be7 12. Nxe6 fxe6 13. O-O Qd7 14. a4 Na5 15. Qd2 Bb4 16. Bg4 O-O-O 17. Qe2 Na8 18. Na2 Be7 19. Rf7 Rhg8 20. b4 Nc6 21. b5 Nb8 22. Bg5 Rde8 23. Nc3 h6 {[%emt 0:01:44] normal} 1-0

[Event "GER-ch Youth U12 2019"]
[Site "Willingen"]
[Date "2019.06.12"]
[Round "6.4"]
[White "Stork, Christopher"]
[Black "Sosa Costa, Leonardo"]
[Result "1/2-1/2"]
[ECO "C54"]
[WhiteElo "1817"]
[BlackElo "1945"]
[Annotator "NA"]
[PlyCount "87"]
[EventDate "2019.06.07"]
[EventType "swiss"]
[EventRounds "9"]
[EventCountry "GER"]
[SourceTitle "playchess.com"]
[Source "ChessBase"]
[SourceQuality "1"]
[TimeControl "40/4500+30:900+30"]

1. e4 e5 2. Nf3 Nc6 3. Bc4 Bc5 4. c3 Nf6 5. d3 d6 6. a4 a5 7. Nbd2 O-O 8. O-O Bb6 9. Re1 Ne7 10. Nf1 Ng6 11. Ng3 Be6 12. Ba2 Qd7 13. Be3 Bxe3 14. Rxe3 Bxa2 15. Rxa2 d5 16. Ra1 Rfe8 17. Qc2 Rad8 18. Rae1 dxe4 19. dxe4 Nf4 20. Rb1 Qc6 21. Ree1 Nd7 22. Rbd1 f6 23. h3 Nc5 24. Rxd8 Rxd8 25. b3 Rd3 26. Re3 Rd8 27. Nd2 Qd7 28. Ngf1 b6 29. f3 Kf8 30. Qa2 Qf7 31. Kh2 Qg6 32. g3 Nfe6 33. Qc2 h5 34. b4 axb4 35. cxb4 Na6 36. Qc4 h4 37. Qxe6 Rxd2+ 38. Nxd2 Qxg3+ 39. Kh1 Qf2 40. Qc8+ Ke7 41. Qxa6 Qxe3 42. Qc4 Qxd2 43. Qxc7+ Kf8 44. Qxb6 {[%emt 0:00:28] normal} 1/2-1/2

[Event "GER-ch Youth U12 2019"]
[Site "Willingen"]
[Date "2019.06.12"]
[Round "6.5"]
[White "Hagner, Bennet"]
[Black "Fuchs, Florian"]
[Result "1/2-1/2"]
[ECO "B47"]
[WhiteElo "1900"]
[BlackElo "2235"]
[Annotator "NA"]
[PlyCount "71"]
[EventDate "2019.06.07"]
[EventType "swiss"]
[EventRounds "9"]
[EventCountry "GER"]
[SourceTitle "playchess.com"]
[Source "ChessBase"]
[SourceQuality "1"]
[TimeControl "40/4500+30:900+30"]

1. e4 c5 2. Nf3 e6 3. d4 cxd4 4. Nxd4 Nc6 5. Nc3 Qc7 6. Nb3 Nf6 7. Bd3 a6 8. O-O b5 9. a3 Bb7 10. Bd2 Be7 11. Kh1 O-O 12. f4 d6 13. Qf3 Nd7 14. Rae1 Nc5 15. Nxc5 dxc5 16. Be3 c4 17. Be2 Bf6 18. Qg3 Bd4 19. Rd1 Rad8 20. Bd2 Bc5 21. Qg4 Nd4 22. f5 exf5 23. exf5 f6 24. Bf4 Qb6 25. Rd2 Rfe8 26. h4 Kh8 27. h5 a5 28. Nd1 Be4 29. h6 Qb7 30. hxg7+ Qxg7 31. Qxg7+ Kxg7 32. Bc7 Ra8 33. Bf3 Bxf3 34. gxf3 Ra7 35. Bh2 {[%emt 0:03:02] normal} Rc8 36. Nc3 1/2-1/2

[Event "GER-ch Youth U12 2019"]
[Site "Willingen"]
[Date "2019.06.12"]
[Round "6.6"]
[White "Kempe, Caius Emilian"]
[Black "Tomasjan, Samuel"]
[Result "1-0"]
[ECO "C11"]
[WhiteElo "1766"]
[BlackElo "1476"]
[Annotator "NA"]
[PlyCount "59"]
[EventDate "2019.06.07"]
[EventType "swiss"]
[EventRounds "9"]
[EventCountry "GER"]
[SourceTitle "playchess.com"]
[Source "ChessBase"]
[SourceQuality "1"]
[TimeControl "40/4500+30:900+30"]

1. e4 e6 2. Nc3 d5 3. Nf3 dxe4 4. Nxe4 Nd7 5. d4 Ngf6 6. Nc3 Bb4 7. a3 Bxc3+ 8. bxc3 b6 9. Be2 Bb7 10. O-O O-O 11. Bg5 Qe8 12. Bf4 Qc8 13. Ne5 Nxe5 14. Bxe5 Ne4 15. Qd3 a5 16. a4 f5 17. Qe3 Qd8 18. Bc4 Bd5 19. Bb3 f4 20. Bxf4 Nxc3 21. Be5 Ne4 22. c4 Bb7 23. d5 exd5 24. cxd5 Nd6 25. Qg3 Qd7 26. Rac1 Qd8 27. Bc4 Rxf2 28. Bxd6 cxd6 29. Bb3 Bxd5 30. Bxd5+ {[%emt 0:00:30] normal} 1-0

[Event "GER-ch Youth U12 2019"]
[Site "Willingen"]
[Date "2019.06.12"]
[Round "6.7"]
[White "Reichmann, Felix"]
[Black "Hecht, Jonas Christian"]
[Result "1-0"]
[ECO "A10"]
[WhiteElo "1725"]
[BlackElo "1726"]
[Annotator "NA"]
[PlyCount "42"]
[EventDate "2019.06.07"]
[EventType "swiss"]
[EventRounds "9"]
[EventCountry "GER"]
[SourceTitle "playchess.com"]
[Source "ChessBase"]
[SourceQuality "1"]
[TimeControl "40/4500+30:900+30"]

1. c4 f5 2. g3 Nf6 3. Bg2 g6 4. Nc3 Bg7 5. d3 O-O 6. e3 d6 7. Nge2 Nc6 8. O-O e5 9. f4 Qe8 10. Nd5 Nxd5 11. cxd5 Ne7 12. Qb3 Kh8 13. Bd2 c6 14. dxc6 Nxc6 15. Rfe1 Rb8 16. Qa3 Qd7 17. Rac1 Re8 18. b4 Ra8 19. b5 Nd8 20. b6 Nc6 21. Nc3 Ne7 {[%emt 0:05:54] normal} 1-0

[Event "GER-ch Youth U12 2019"]
[Site "Willingen"]
[Date "2019.06.12"]
[Round "6.8"]
[White "Deuer, Marius"]
[Black "Zweigait, Leon"]
[Result "1-0"]
[ECO "B01"]
[WhiteElo "1961"]
[BlackElo "1474"]
[Annotator "NA"]
[PlyCount "35"]
[EventDate "2019.06.07"]
[EventType "swiss"]
[EventRounds "9"]
[EventCountry "GER"]
[SourceTitle "playchess.com"]
[Source "ChessBase"]
[SourceQuality "1"]
[TimeControl "40/4500+30:900+30"]

1. e4 d5 2. exd5 Nf6 3. Nf3 Qxd5 4. d4 Bg4 5. Be2 Nc6 6. O-O O-O-O 7. Be3 Qd6 8. c3 Bxf3 9. Bxf3 e5 10. Qb3 Nd5 11. Nd2 exd4 12. cxd4 Be7 13. Nc4 Qb4 14. Qd3 g6 15. a3 Qa4 16. b3 Qa6 17. b4 Nb6 18. b5 {[%emt 0:01:16] normal} 1-0

[Event "GER-ch Youth U12 2019"]
[Site "Willingen"]
[Date "2019.06.12"]
[Round "6.9"]
[White "von Mettenheim, Johannes"]
[Black "Breitkopf-Lazar, Patrick-Robert"]
[Result "1/2-1/2"]
[ECO "D56"]
[WhiteElo "1757"]
[BlackElo "1659"]
[Annotator "NA"]
[PlyCount "83"]
[EventDate "2019.06.07"]
[EventType "swiss"]
[EventRounds "9"]
[EventCountry "GER"]
[SourceTitle "playchess.com"]
[Source "ChessBase"]
[SourceQuality "1"]
[TimeControl "40/4500+30:900+30"]

1. d4 Nf6 2. c4 e6 3. Nc3 d5 4. Bg5 Be7 5. e3 h6 6. Bh4 O-O 7. Nf3 Ne4 8. Bxe7 Qxe7 9. Rc1 c6 10. Bd3 Nxc3 11. Rxc3 dxc4 12. Rxc4 b6 13. O-O Bb7 14. Qe2 Nd7 15. Rfc1 Rfc8 16. R4c3 a5 17. Bb1 c5 18. Qc2 g6 19. dxc5 Nxc5 20. Ne5 Ne4 21. Rc7 Rxc7 22. Qxc7 Rc8 23. Qxc8+ Bxc8 24. Rxc8+ Kg7 25. Bxe4 Qb4 26. Bd3 Qxb2 27. Nc4 Qxa2 28. Rb8 Qa1+ 29. Bf1 a4 30. Rxb6 a3 31. Nxa3 Qxa3 32. Ra6 Qc1 33. Rd6 g5 34. Rd4 f5 35. g3 e5 36. Rd6 f4 37. gxf4 gxf4 38. exf4 exf4 39. Rb6 f3 40. Ra6 Qg5+ 41. Kh1 h5 42. Rc6 {[%emt 0:00:49] normal} 1/2-1/2

[Event "GER-ch Youth U12 2019"]
[Site "Willingen"]
[Date "2019.06.12"]
[Round "6.10"]
[White "Mueller, Maximilian"]
[Black "Ohler, Julius"]
[Result "0-1"]
[ECO "B01"]
[WhiteElo "1606"]
[BlackElo "1837"]
[Annotator "NA"]
[PlyCount "87"]
[EventDate "2019.06.07"]
[EventType "swiss"]
[EventRounds "9"]
[EventCountry "GER"]
[SourceTitle "playchess.com"]
[Source "ChessBase"]
[SourceQuality "1"]
[TimeControl "40/4500+30:900+30"]

1. e4 d5 2. exd5 Qxd5 3. Nc3 Qd8 4. d4 g6 5. Nf3 Bg7 6. h3 Nh6 7. Bc4 Nf5 8. Be3 O-O 9. O-O Nc6 10. d5 Na5 11. Bb3 Nxb3 12. axb3 a6 13. Bc5 b6 14. Ba3 Bb7 15. Re1 Bxc3 16. bxc3 Bxd5 17. Qe2 Bxf3 18. Qxf3 c5 19. Rad1 Qc7 20. Bb2 Rad8 21. Rxd8 Rxd8 22. c4 Nd4 23. Qe4 e6 24. Rd1 e5 25. Bxd4 exd4 26. Re1 b5 27. Qd3 b4 28. Re4 Qc6 29. Qe2 a5 30. Qd3 a4 31. bxa4 Qxa4 32. Re1 Re8 33. Rxe8+ Qxe8 34. g3 Qe1+ 35. Kg2 Qe6 36. Qb3 Kg7 37. Qd3 h6 38. Kh2 Qf5 39. Qd2 Qf3 40. Kg1 b3 41. cxb3 Qxb3 42. Qe2 Qb1+ 43. Kg2 Qf5 44. h4 {[%emt 0:06:53] normal} 0-1

[Event "GER-ch Youth U12 2019"]
[Site "Willingen"]
[Date "2019.06.12"]
[Round "6.11"]
[White "Guo, Philipp Ziming"]
[Black "Bungarten, Jona"]
[Result "1-0"]
[ECO "C44"]
[WhiteElo "1674"]
[BlackElo "1642"]
[Annotator "NA"]
[PlyCount "129"]
[EventDate "2019.06.07"]
[EventType "swiss"]
[EventRounds "9"]
[EventCountry "GER"]
[SourceTitle "playchess.com"]
[Source "ChessBase"]
[SourceQuality "1"]
[TimeControl "40/4500+30:900+30"]

1. e4 e5 2. Nf3 Nc6 3. c3 d5 4. Qa4 f6 5. d3 dxe4 6. dxe4 Be6 7. Bc4 Bxc4 8. Qxc4 Qd7 9. O-O O-O-O 10. b4 g5 11. a4 Qd3 12. Na3 Bg7 13. Bb2 h5 14. Qxd3 Rxd3 15. Rfd1 Rxd1+ 16. Rxd1 Nge7 17. Kf1 h4 18. h3 Ng6 19. Ng1 Nce7 20. Bc1 Nf4 21. Ne2 f5 22. exf5 Nxf5 23. Nxf4 exf4 24. Rd3 Rd8 25. Ke2 Nd6 26. Kf3 Re8 27. c4 Re1 28. Bd2 Ra1 29. c5 Nf7 30. Rb3 Kd7 31. Bc3 Bxc3 32. Rxc3 Ne5+ 33. Ke4 Ke6 34. a5 c6 35. Nc2 Rg1 36. Nd4+ Kf6 37. Nf3 Nxf3 38. Kxf3 Ke5 39. Rc4 Kd5 40. Rc2 Kd4 41. Re2 Rb1 42. Kg4 Rxb4 43. Kxg5 Kxc5 44. Rc2+ Kb5 45. Kxh4 f3+ 46. g4 Rb1 47. g5 c5 48. g6 c4 49. Kg5 Rg1+ 50. Kf6 Kb4 51. h4 Kb3 52. Rd2 c3 53. Rd3 Kc4 54. Rxc3+ Kxc3 55. g7 Kd2 56. h5 Ke2 57. h6 Rh1 58. g8=Q Rxh6+ 59. Kg5 Rh2 60. Qb8 Rg2+ 61. Kf4 b6 62. Qe5+ Kf1 63. Kxf3 Rxf2+ 64. Kg3 Rg2+ 65. Kh3 {[%emt 0:00:18] normal} 1-0

[Event "GER-ch Youth U12 2019"]
[Site "Willingen"]
[Date "2019.06.12"]
[Round "6.12"]
[White "Hagenbeck-Huebert, Jan"]
[Black "Rempe, Jonas"]
[Result "0-1"]
[ECO "E61"]
[WhiteElo "1574"]
[BlackElo "1781"]
[Annotator "NA"]
[PlyCount "108"]
[EventDate "2019.06.07"]
[EventType "swiss"]
[EventRounds "9"]
[EventCountry "GER"]
[SourceTitle "playchess.com"]
[Source "ChessBase"]
[SourceQuality "1"]
[TimeControl "40/4500+30:900+30"]

1. d4 Nf6 2. c4 g6 3. Nc3 Bg7 4. Bf4 O-O 5. h3 d6 6. e3 Nc6 7. Nf3 Nd7 8. Be2 e5 9. Bh2 f5 10. d5 Ne7 11. Nd2 Nf6 12. Qc2 g5 13. f4 gxf4 14. exf4 e4 15. Bg1 Ng6 16. Be3 Nh5 17. Bxh5 Qh4+ 18. Bf2 Qxh5 19. g3 Re8 20. Be3 Bh6 21. Ne2 Ne5 22. Nb3 Nd3+ 23. Kd2 Bg7 24. Nbd4 Bd7 25. a3 c5 26. dxc6 bxc6 27. Rab1 c5 28. Nb5 a6 29. Nc7 Rab8 30. Nxe8 Qxe8 31. b3 a5 32. a4 Qe6 33. Nc3 Bc6 34. Ke2 Bd4 35. Rhg1 Bxe3 36. Kxe3 Qf6 37. Ne2 Nb4 38. Qd2 d5 39. Qb2 d4+ 40. Kd2 e3+ 41. Kd1 Nd3 42. Qa2 Be4 43. Nc1 Nf2+ 44. Ke2 Qc6 45. Rb2 Bf3+ 46. Ke1 Nd1 47. Nd3 Nc3 48. Qa1 Be4 49. Ne5 Qb7 50. g4 d3 51. gxf5+ Kh8 52. Nxd3 Bxd3 53. Rbg2 Qxb3 54. Qc1 Qb1 {[%emt 0:00:27] normal} 0-1

[Event "GER-ch Youth U12 2019"]
[Site "Willingen"]
[Date "2019.06.12"]
[Round "6.13"]
[White "Amato, Cristiano"]
[Black "Fuhrmann, Bahne"]
[Result "1-0"]
[ECO "C77"]
[WhiteElo "1800"]
[BlackElo "1659"]
[Annotator "NA"]
[PlyCount "63"]
[EventDate "2019.06.07"]
[EventType "swiss"]
[EventRounds "9"]
[EventCountry "GER"]
[SourceTitle "playchess.com"]
[Source "ChessBase"]
[SourceQuality "1"]
[TimeControl "40/4500+30:900+30"]

1. e4 e5 2. Nf3 Nc6 3. Bb5 a6 4. Ba4 Nf6 5. Qe2 b5 6. Bb3 Bc5 7. a4 bxa4 8. Bxf7+ Kxf7 9. Qc4+ Ke8 10. Qxc5 Qe7 11. Qxe7+ Kxe7 12. d3 d6 13. Rxa4 Bd7 14. Ra1 Nb4 15. Na3 Ba4 16. b3 Bxb3 17. cxb3 Nxd3+ 18. Ke2 Nc5 19. Nd2 Nfxe4 20. Nxe4 Nxe4 21. f3 Nc5 22. Bg5+ Ke6 23. Rab1 a5 24. Be3 Nd7 25. Rhc1 Rhc8 26. f4 e4 27. Rc4 Nf6 28. Bd4 Nh5 29. Be3 Nf6 30. Nb5 Nd5 31. Rxe4+ Kf5 32. Kf3 {[%emt 0:02:27] normal} 1-0

[Event "GER-ch Youth U12 2019"]
[Site "Willingen"]
[Date "2019.06.12"]
[Round "6.14"]
[White "Gressler, Christian"]
[Black "Schwartz, Oliver"]
[Result "1/2-1/2"]
[ECO "B30"]
[WhiteElo "1416"]
[BlackElo "1616"]
[Annotator "NA"]
[PlyCount "69"]
[EventDate "2019.06.07"]
[EventType "swiss"]
[EventRounds "9"]
[EventCountry "GER"]
[SourceTitle "playchess.com"]
[Source "ChessBase"]
[SourceQuality "1"]
[TimeControl "40/4500+30:900+30"]

1. e4 c5 2. Nf3 Nc6 3. d3 g6 4. g3 Bg7 5. Bg2 d6 6. O-O e5 7. Nc3 Nge7 8. Be3 O-O 9. Qd2 f5 10. Bh6 f4 11. Bxg7 Kxg7 12. Ne2 fxg3 13. fxg3 Qb6 14. c3 Be6 15. Ng5 Bg8 16. Bh3 h6 17. Ne6+ Bxe6 18. Bxe6 Rad8 19. g4 a6 20. h4 Qa7 21. Kg2 b5 22. Ng3 b4 23. h5 g5 24. Nf5+ Nxf5 25. Bxf5 a5 26. Rf2 Ne7 27. Raf1 d5 28. Be6 Rf4 29. Rxf4 exf4 30. Qe2 Qb7 31. Kh3 Qc6 32. Bf5 Nxf5 33. exf5 Re8 34. Qg2 Qd6 35. Rf2 {[%emt 0:03:47] normal} 1/2-1/2

[Event "GER-ch Youth U12 2019"]
[Site "Willingen"]
[Date "2019.06.12"]
[Round "6.15"]
[White "Moeller, Maurin"]
[Black "Malchereck, Zion"]
[Result "0-1"]
[ECO "C54"]
[WhiteElo "1686"]
[BlackElo "1438"]
[Annotator "NA"]
[PlyCount "121"]
[EventDate "2019.06.07"]
[EventType "swiss"]
[EventRounds "9"]
[EventCountry "GER"]
[SourceTitle "playchess.com"]
[Source "ChessBase"]
[SourceQuality "1"]
[TimeControl "40/4500+30:900+30"]

1. e4 e5 2. Nf3 Nc6 3. Bc4 Bc5 4. c3 Nf6 5. d3 d6 6. Bb3 h6 7. h3 O-O 8. O-O a6 9. Re1 Re8 10. Nbd2 Ne7 11. d4 exd4 12. cxd4 Ba7 13. Nf1 Ng6 14. Ng3 b5 15. Qc2 Bb7 16. a3 Rc8 17. Bd2 c5 18. d5 c4 19. Ba2 Bc5 20. Bb1 Nd7 21. Qc3 f6 22. Nf5 Nde5 23. Nxe5 fxe5 24. Qg3 Qf6 25. h4 Kf7 26. Bc2 Ra8 27. Bd1 Bxd5 28. Nxh6+ gxh6 29. exd5 Nxh4 30. Bh5+ Ke7 31. Bxe8 Rxe8 32. Be3 Bxe3 33. fxe3 Nf5 34. Qh3 Qg5 35. Re2 Kd8 36. Kh2 Rg8 37. Rf1 Qg3+ 38. Qxg3 Nxg3 39. Ref2 Nxf1+ 40. Rxf1 Ke7 41. Rf2 Rc8 42. Rc2 Kf6 43. e4 Kg5 44. Kg3 Rf8 45. Rc1 h5 46. Rh1 Rf4 47. Re1 h4+ 48. Kh3 Rg4 49. Re2 Rg3+ 50. Kh2 Kf4 51. Kh1 Re3 52. Rxe3 Kxe3 53. Kh2 Kf4 54. Kh3 Kg5 55. g3 hxg3 56. Kxg3 a5 57. Kf3 Kh4 58. Ke3 Kg3 59. Kd2 Kf3 60. Kc3 Kxe4 61. a4 {[%emt 0:00:19] normal} 0-1

[Event "GER-ch Youth U12 2019"]
[Site "Willingen"]
[Date "2019.06.13"]
[Round "7.1"]
[White "Foerster-Yialamas, Lucas"]
[Black "Metzdorf, Matteo"]
[Result "1-0"]
[ECO "B42"]
[WhiteElo "1981"]
[BlackElo "1859"]
[Annotator "NA"]
[PlyCount "50"]
[EventDate "2019.06.07"]
[EventType "swiss"]
[EventRounds "9"]
[EventCountry "GER"]
[SourceTitle "playchess.com"]
[Source "ChessBase"]
[SourceQuality "1"]
[TimeControl "40/4500+30:900+30"]

1. e4 c5 2. Nf3 e6 3. d4 cxd4 4. Nxd4 a6 5. Bd3 Qc7 6. c4 Nc6 7. Nxc6 dxc6 8. Nc3 Nf6 9. O-O e5 10. h3 Be6 11. Be3 Nd7 12. Qc2 f6 13. Be2 a5 14. Na4 Be7 15. c5 O-O 16. Bc4 Bf7 17. Rfd1 Rad8 18. Qc3 h5 19. Bxf7+ Rxf7 20. Nb6 Nxb6 21. cxb6 Qb8 22. Qxa5 f5 23. Rxd8+ Bxd8 24. exf5 Rxf5 25. Rd1 Qc8 {[%emt 0:00:46] normal} 1-0

[Event "GER-ch Youth U12 2019"]
[Site "Willingen"]
[Date "2019.06.13"]
[Round "7.2"]
[White "Reichmann, Felix"]
[Black "Kluehs, Gustaf"]
[Result "1/2-1/2"]
[ECO "A36"]
[WhiteElo "1725"]
[BlackElo "1705"]
[Annotator "NA"]
[PlyCount "35"]
[EventDate "2019.06.07"]
[EventType "swiss"]
[EventRounds "9"]
[EventCountry "GER"]
[SourceTitle "playchess.com"]
[Source "ChessBase"]
[SourceQuality "1"]
[TimeControl "40/4500+30:900+30"]

1. c4 c5 2. g3 g6 3. Bg2 Bg7 4. Nc3 Nc6 5. a3 d6 6. Rb1 Be6 7. d3 Qd7 8. Nf3 h6 9. O-O Nf6 10. Bd2 O-O 11. b4 Rac8 12. b5 Nd4 13. e3 Nxf3+ 14. Qxf3 b6 15. e4 Ng4 16. Qe2 Ne5 {[%emt 0:01:16] normal} 17. Nd5 {[%emt 0:14:33] normal} Bxd5 18. exd5 {[%emt 0:00:28] normal} 1/2-1/2

[Event "GER-ch Youth U12 2019"]
[Site "Willingen"]
[Date "2019.06.13"]
[Round "7.3"]
[White "Freude, Max"]
[Black "Bakiev, Diyor"]
[Result "0-1"]
[ECO "A01"]
[WhiteElo "1707"]
[BlackElo "2123"]
[Annotator "NA RC"]
[PlyCount "126"]
[EventDate "2019.06.07"]
[EventType "swiss"]
[EventRounds "9"]
[EventCountry "GER"]
[SourceTitle "playchess.com"]
[Source "ChessBase"]
[SourceQuality "1"]
[TimeControl "40/4500+30:900+30"]

1. b3 e5 2. Bb2 Nc6 3. e3 Nf6 4. d4 exd4 5. exd4 d5 6. Nf3 Bd6 7. Be2 O-O 8. O-O Ne7 9. Ne5 Nd7 10. Bd3 Ng6 11. f4 f5 12. Qh5 Nf6 13. Qg5 Ne4 14. Qxd8 Rxd8 15. Nc3 c6 16. g3 Nf8 17. Kg2 Ne6 18. Ne2 a5 19. a4 Nc7 20. Ng1 Na6 21. Ngf3 h6 22. c3 Be6 23. Rfd1 Nc7 24. c4 Ne8 25. c5 Bc7 26. Rac1 N8f6 27. Rc2 Kh7 28. Bc3 g5 29. fxg5 hxg5 30. Re1 g4 31. Bxe4 Nxe4 32. Nd2 Bxe5 33. dxe5 Nxc5 34. Bd4 Ne4 35. Rec1 Bf7 36. Bb6 Re8 37. Nxe4 dxe4 38. Bc7 Bxb3 39. Rb2 Bxa4 40. Rxb7 Re7 41. Rb8 Rxb8 42. Bxb8 Rb7 43. Bd6 Bb5 44. e6 Ra7 45. e7 Ra8 46. Rd1 Re8 47. Bc5 Kg7 48. Kf2 Kf7 49. Rd8 Rxe7 50. Bxe7 Kxe7 51. Rd2 Ke6 52. Ke3 Ke5 53. Rd1 a4 54. Rd2 c5 55. Rd8 Bc6 56. Kd2 Bd5 57. Kc3 a3 58. Re8+ Be6 59. Ra8 a2 60. Ra5 Bd5 61. Ra7 f4 62. gxf4+ Kxf4 63. Ra6 Kf3 {normal} 0-1

[Event "GER-ch Youth U12 2019"]
[Site "Willingen"]
[Date "2019.06.13"]
[Round "7.4"]
[White "Fuchs, Florian"]
[Black "Kempe, Caius Emilian"]
[Result "1/2-1/2"]
[ECO "B38"]
[WhiteElo "2235"]
[BlackElo "1766"]
[Annotator "NA"]
[PlyCount "48"]
[EventDate "2019.06.07"]
[EventType "swiss"]
[EventRounds "9"]
[EventCountry "GER"]
[SourceTitle "playchess.com"]
[Source "ChessBase"]
[SourceQuality "1"]
[TimeControl "40/4500+30:900+30"]

1. e4 c5 2. Nf3 Nc6 3. d4 cxd4 4. Nxd4 g6 5. c4 Bg7 6. Be3 Nf6 7. Nc3 d6 8. Be2 O-O 9. O-O Bd7 10. Qd2 Nxd4 11. Bxd4 Bc6 12. f3 Nd7 13. Rfd1 a5 14. Rac1 Bxd4+ 15. Qxd4 Qb6 16. Nd5 Qxd4+ 17. Rxd4 Bxd5 18. cxd5 Rfc8 19. Rdc4 Nc5 20. a4 Kg7 21. Kf2 h5 22. R4c3 Rh8 23. Bb5 Kf6 24. Ke3 {[%emt 0:04:55] normal} h4 {[%emt 0:05:07] normal} 1/2-1/2

[Event "GER-ch Youth U12 2019"]
[Site "Willingen"]
[Date "2019.06.13"]
[Round "7.5"]
[White "Sosa Costa, Leonardo"]
[Black "Deuer, Marius"]
[Result "1-0"]
[ECO "C44"]
[WhiteElo "1945"]
[BlackElo "1961"]
[Annotator "NA RC"]
[PlyCount "135"]
[EventDate "2019.06.07"]
[EventType "swiss"]
[EventRounds "9"]
[EventCountry "GER"]
[SourceTitle "playchess.com"]
[Source "ChessBase"]
[SourceQuality "1"]
[TimeControl "40/4500+30:900+30"]

1. e4 e5 2. Nf3 Nc6 3. d4 exd4 4. Nxd4 Nf6 5. Nc3 Bb4 6. Nxc6 bxc6 7. Bd3 d5 8. exd5 O-O 9. O-O cxd5 10. h3 c6 11. Qf3 Bd6 12. Re1 Rb8 13. Rb1 Be6 14. Bg5 h6 15. Bh4 Rb4 16. Bg3 Qb8 17. Bxd6 Qxd6 18. b3 Nd7 19. Rbd1 Nc5 20. Ne2 Nxd3 21. Qxd3 c5 22. c4 Rd8 23. Qg3 Qxg3 24. fxg3 g5 25. Nc3 d4 26. Re5 Kg7 27. Ne4 Rb6 28. Nxc5 Kf6 29. Re4 d3 30. Nxe6 fxe6 31. Kf2 Ra6 32. Rd2 e5 33. Re1 Re6 34. Re4 Kf5 35. Ke3 Red6 36. g4+ Ke6 37. c5 Rd5 38. b4 Rd4 39. Rxd4 Rxd4 40. a3 a5 41. Rxd3 axb4 42. axb4 Rxb4 43. Rd6+ Kf7 44. Rxh6 Rd4 45. c6 Rc4 46. Kd3 Rd4+ 47. Ke3 Rc4 48. Rd6 Rc2 49. Kd3 Rc1 50. Ke4 Re1+ 51. Kf5 Ke7 52. Re6+ Kf7 53. Rxe5 Rc1 54. Kxg5 Rxc6 55. g3 Rc7 56. Ra5 Kg7 57. Re5 Rd7 58. Kf4 Rd4+ 59. Re4 Rd7 60. g5 Kh7 61. Kg4 Kg7 62. Ra4 Rb7 63. h4 Rc7 64. Kh5 Kh7 65. Ra6 Kg7 66. g4 Rc8 67. Ra7+ Kg8 68. Kh6 {[%emt 0:00:49] normal} 1-0